 Dungeon Crawl Stone Soup version 0.23.2-30-g0e89c35 (webtiles) character file.

Game seed: 14956382312077908388

68 Fortress the Firebug (level 4, -1/33 HPs)
             Began as a Draconian Fire Elementalist on June 24, 2019.
             Slain by Sigmund
             ... wielding a +0 scythe
              (20 damage)
             ... on level 2 of the Dungeon.
             The game lasted 00:06:47 (1941 turns).

Fortress the Firebug (Draconian Fire Elementalist)  Turns: 1941, Time: 00:06:48

Health: -1/33      AC:  5    Str: 10    XL:     4   Next: 1%
Magic:  0/8        EV: 12    Int: 16    God:
Gold:   78         SH:  0    Dex: 12    Spells: 7/8 levels left

rFire    . . .     SeeInvis .   a - -1 short sword (curse)
rCold    . . .     Gourm    .   (no shield)
rNeg     . . .     Faith    .   (armour unavailable)
rPois    .         Spirit   .   (helmet restricted)
rElec    .         Reflect  .   (no cloak)
rCorr    .         Harm     .   (no gloves)
MR       .....                  (no boots)
Stlth    ++........             (no amulet)
HPRegen  0.11/turn              (no ring)
MPRegen  0.11/turn              (no ring)

@: very slightly contaminated
A: unfitting armour, cold-blooded, AC +5
a: no special abilities


You were on level 2 of the Dungeon.
You were near starving.

You visited 1 branch of the dungeon, and saw 2 of its levels.

You collected 78 gold pieces.

Inventory:

Hand Weapons
 a - a cursed -1 short sword (weapon)
 d - a +1 short sword of venom
Missiles
 c - 57 stones (quivered)
 f - 13 sling bullets
Scrolls
 e - 2 scrolls of teleportation
 j - a scroll of immolation {unknown}
Potions
 g - a potion of invisibility {unknown}
 h - a potion of ambrosia {unknown}
 i - a potion of haste {unknown}
Comestibles
 b - 2 rations


   Skills:
 - Level 2.0 Dodging
 - Level 2.0 Stealth
 + Level 2.7 Spellcasting
 + Level 1.5 Conjurations
 + Level 3.9 Fire Magic


You had 7 spell levels left.
You knew the following spells:

 Your Spells              Type           Power        Failure   Level  Hunger
a - Flame Tongue          Conj/Fire      ##...        6%          1    #......

Your spell library contained the following spells:

 Spells                   Type           Power        Failure   Level  Hunger
 Throw Flame              Conj/Fire      ##....       10%         2    ##.....
 Conjure Flame            Conj/Fire      ##......     19%         3    ###....
 Inner Flame              Hex/Fire       #.......     26%         3    ###....
 Sticky Flame             Conj/Fire      ##......     52%         4    #####..
 Fireball                 Conj/Fire      ##........   86%         5    ######.


Dungeon Overview and Level Annotations

Branches:
Dungeon (2/15)

Altars:

Annotations:
D:2 Sigmund


Innate Abilities, Weirdness & Mutations

Your plain brown scales are hard. (AC +5)
You cannot fit into any form of body armour.
You are cold-blooded and may be slowed by cold attacks.


Message History

Aim: Sigmund, wielding a +0 scythe and wearing a +0 robe (heavily wounded, unusually strong)
The flame tongue hits Sigmund.
Sigmund is severely wounded.
Sigmund hits you from afar with a +0 scythe!
Casting: Flame Tongue (safe; 6% risk of failure)
Confirm with . or Enter, or press ? or * to list all spells.
Aiming: Flame Tongue (safe; 6% risk of failure)
Press: ? - help, Shift-Dir - straight line, f/p - Sigmund
Aim: Sigmund, wielding a +0 scythe and wearing a +0 robe (severely wounded, unusually strong)
You miscast Flame Tongue.
Nothing appears to happen.
Casting: Flame Tongue (safe; 6% risk of failure)
Confirm with . or Enter, or press ? or * to list all spells.
Aiming: Flame Tongue (safe; 6% risk of failure)
Press: ? - help, Shift-Dir - straight line, f/p - Sigmund
Aim: Sigmund, wielding a +0 scythe and wearing a +0 robe (severely wounded, unusually strong)
The flame tongue hits Sigmund.
Sigmund is almost dead.
Sigmund hits you from afar with a +0 scythe!!
Ouch! That really hurt!
You die...

#............. #..........K..
#............. ##.#####.. #.#
.# #r# .# ######@# .#
#......#####.#
#.###..@.....#####
#.####.###.....<.......
#......).'.......############
#######.###.......'.S .^.....
#.......# #.......### #######
#.####### #........# #.#
#........# #.# #........# #.#
########.#


You could see Sigmund, an adder (sleeping) and a rat.

Vanquished Creatures
  2 adders (D:2)
  A dart slug (D:1)
  3 leopard geckos
  4 bats
  A giant cockroach (D:1)
  3 goblins (D:1)
  5 hobgoblins
  7 jackals
  A quokka (D:2)
  A frilled lizard (D:1)
  9 kobolds
  A rat (D:1)
38 creatures vanquished.

Notes
Turn   | Place    | Note
-------+----------+-------------------------------------------
     0 | D:1      | Fortress the Draconian Fire Elementalist began the quest
                  | for the Orb.
     0 | D:1      | Reached XP level 1. HP: 14/14 MP: 3/3
   124 | D:1      | Reached XP level 2. HP: 19/20 MP: 0/5
   666 | D:1      | Reached XP level 3. HP: 26/26 MP: 1/6
  1232 | D:2      | Noticed Sigmund
  1920 | D:2      | Reached XP level 4. HP: 33/33 MP: 5/8
  1941 | D:2      | Slain by Sigmund

Skill      XL: |  1  2  3 |
---------------+----------+-----
Stealth        | 2 |  2.0
Dodging        | 2 |  2.0
Spellcasting   | |  2.7
Conjurations   | |  1.5
Fire Magic     | |  3.9

Action                   |  1- 3 |  4- 6 || total
-------------------------+-------+-------++-------
Melee: Short sword       |    31 |       ||    31
       Tailslap          |     6 |       ||     6
 Cast: Flame Tongue      |    64 |     6 ||    70
  Use: Scroll            |     1 |       ||     1
  Eat: Chunk             |     2 |       ||     2
Armor: Skin              |    16 |       ||    16
Dodge: Dodged            |    45 |       ||    45
